 Dungeon Crawl Stone Soup version 0.30.1-9-gdf580d7c3d (webtiles) character file.

Game seed: 18197266647594463221

2833 Ivernyr the Slasher (level 9, -2/49 HPs)
             Began as a Vine Stalker Gladiator on Sept 27, 2023.
             Was an Initiate of Wu Jian.
             Succumbed to a hornet's poison
             ... on level 8 of the Dungeon.
             The game lasted 00:15:43 (6091 turns).

Ivernyr the Slasher (Vine Stalker Gladiator)        Turns: 6091, Time: 00:15:44

Health: -2/49      AC: 11    Str: 16    XL:     9   Next: 73%
Magic:  0/10       EV: 20    Int:  8    God:    Wu Jian [......]
Gold:   448        SH:  5    Dex: 21    Spells: 8/8 levels left

rFire   . . .        a - +0 long sword
rCold   . . .        I - +0 buckler
rNeg    . . .        b - +0 chain mail
rPois   .            c - +0 helmet
rElec   .            (no cloak)
rCorr   .            y - +0 pair of gloves
SInv    .            (no boots)
Will    +....        (no amulet) Stlth
                     f - +5 ring of evasion
HPRegen 1.08/turn    g - +5 ring of evasion
MPRegen 0.12/turn

%: guardian spirit
@: brilliant, lethally poisoned (-2 -> -9), slowed, very slow
A: fangs 3, regeneration 1, magic shield, antimagic bite, no potion heal 2
a: Renounce Religion


You were on level 8 of the Dungeon.
You worshipped Wu Jian.
Wu Jian was noncommittal.
You visited 2 branches of the dungeon, and saw 9 of its levels.
You also visited: Sewer.

You collected 448 gold pieces.

Inventory:

Hand Weapons
 a - a +0 long sword (weapon)
Missiles
 d - 3 throwing nets (quivered)
 e - 5 javelins
Armour
 b - a +0 chain mail (worn)
 c - a +0 helmet (worn)
 y - a +0 pair of gloves (worn)
 I - a +0 buckler (worn)
Jewellery
 f - a +5 ring of evasion (left hand)
 g - a +5 ring of evasion (right hand)
 t - a ring of resist corrosion
Wands
 x - a wand of flame (41)
 G - a wand of quicksilver (5)
Scrolls
 i - a scroll of enchant weapon {unknown}
 j - 2 scrolls of amnesia {unknown}
 k - 5 scrolls of teleportation {unknown}
 m - a scroll of fog {unknown}
 n - 8 scrolls of identify {unknown}
 o - 2 scrolls of immolation
 p - a scroll of silence {unknown}
 q - 2 scrolls of fear {unknown}
 u - a scroll of vulnerability {unknown}
 v - 4 scrolls of enchant armour {unknown}
 z - a scroll of acquirement {unknown}
 D - 2 scrolls of torment {unknown}
 H - a scroll of blinking {unknown}
Potions
 h - 7 potions of flight
 l - 3 potions of curing {unknown}
 r - 4 potions of brilliance
 s - 3 potions of mutation
 w - a potion of cancellation {unknown}
 A - a potion of might {unknown}
 B - a potion of haste {unknown}
 C - a potion of resistance {unknown}
 E - 2 potions of lignification {unknown}
 F - a potion of berserk rage {unknown}


   Skills:
 + Level 6.9 Fighting
 + Level 7.2 Long Blades
 - Level 1.7 Throwing
 + Level 2.6 Armour
 - Level 6.2 Dodging
 + Level 1.8 Shields


You had 8 spell levels left.
You didn't know any spells.
Your spell library contained the following spells:

 Spells                   Type           Power      Damage    Failure   Level
 Apportation              Tloc           0%         N/A       100%        1
 Necrotise                Necr           0%         1d4       100%        1
 Summon Small Mammal      Summ           0%         N/A       100%        1
 Sublimation of Blood     Necr           0%         N/A       100%        2
 Petrify                  Tmut/Erth      0%         N/A       100%        4
 Irradiate                Conj/Tmut      0%         3d11      100%        5
 Iskenderun's Battlesphe  Conj           0%         2d6       100%        5
 Iron Shot                Conj/Erth      0%         9d1       100%        6
 Spellforged Servitor     Conj/Summ      0%         N/A       100%        7


Dungeon Overview and Level Annotations

Branches:
Dungeon (8/15)             Temple (1/1) D:7           Sewer (visited)
   Lair: D:8-11

Altars:
Ashenzari
Cheibriados
Dithmenos
Elyvilon
Fedhas
Gozag
Hepliaklqana
Makhleb
Okawaru
Qazlal
Ru
Sif Muna
Uskayaw
Vehumet
Wu Jian
Yredelemnul
Zin
The Shining One

Shops:
D:5 **   D:8 (


Innate Abilities, Weirdness & Mutations

You have razor-sharp teeth.
Your natural rate of healing is unusually fast.
When hurt, damage is shared between your health and your magic reserves.
Your bite disrupts and absorbs the magic of your enemies.
Potions cannot restore your health.


Message History

You block the hornet's attack.
The hornet stings you but does no damage.
You slash the hornet! You bite the hornet, but do no damage.
The hornet is lightly wounded.
You feel yourself speed up.
You feel very sick. The hornet misses you. The hornet stings you!
You are more poisoned.
You feel yourself slow down. The hornet stings you!
You are more poisoned.
You feel as though you will be slow longer.
You miss the hornet. You bite the hornet! You drain its power.
You feel invigorated.
The hornet is heavily wounded.
You feel extremely sick. The hornet misses you. The hornet stings you.
You suddenly lose the ability to move!
You feel very sick.
The hornet stings you but does no damage.
The hornet stings you.
You are lethally poisoned!
You feel as though you will be slow longer.
* * * LOW HITPOINT WARNING * * *
You feel very sick. The hornet stings you.
* * * LOW HITPOINT WARNING * * *
You feel as though you will be slow longer.
You can move again.
It was a potion of brilliance.
You feel clever all of a sudden.
* * * LOW HITPOINT WARNING * * *
You feel very sick. The hornet closely misses you. The hornet stings you!
* * * LOW HITPOINT WARNING * * *
You feel as though you will be slow longer.
Okay, then.
As you read the scroll labelled DUPPOTE AXELL, it crumbles to dust.
The creatures around you are filled with an inner flame!
It was a scroll of immolation.
You die...

#..###.# #..###.###
#.....## #........#
....... .. #........#
#.....# ... #........#
#.....##... #........#
#......... #......).#
+.........
#...###..##+###.y...#
#...###..##..##.@...#
#....#.......#.<....#
'....#.).....#......#
##..###)####'####..##
##'####.###..####..###.##
....#...#................
....#...#................
....'...#................
....#...'................


You could see a hornet (inner flame).

Vanquished Creatures
  Eustachio (D:4)
  A steam dragon (D:8)
  2 orc warriors (D:7)
  A sky beast (D:7)
  A black bear (D:5)
  3 ogres
  2 centaurs (D:7)
  A phantom (D:5)
  3 kobold brigands
  3 bullfrogs
  A scorpion (D:6)
  3 killer bees (D:6)
  6 hounds
  2 jellies
  6 orc priests
  A sleepcap (D:6)
  6 iguanas
  6 orc wizards
  7 river rats
  14 adders
  4 worms
  2 dart slugs
  34 orcs
  5 endoplasms
  8 giant cockroaches
  5 goblins
  2 hobgoblins
  12 jackals
  16 kobolds
  5 quokkas
  8 ball pythons
  14 bats
  8 frilled lizards
  11 rats
  A spectral orc (D:4)
205 creatures vanquished.

Notes
Turn   | Place    | Note
-------+----------+-------------------------------------------
     0 | D:1      | Ivernyr the Vine Stalker Gladiator began the quest for the
                  | Orb.
     0 | D:1      | Reached XP level 1. HP: 11/11 MP: 2/2
   115 | D:1      | Reached XP level 2. HP: 15/15 MP: 3/3
   215 | D:1      | Reached skill level 3 in Long Blades
   573 | D:2      | Reached XP level 3. HP: 18/18 MP: 4/4
  1421 | D:3      | Gained mutation: Your natural rate of healing is unusually
                  | fast. [Vine Stalker growth]
  1421 | D:3      | Reached XP level 4. HP: 23/23 MP: 5/5
  1491 | D:3      | Found a faded altar of an unknown god.
  1539 | D:3      | Found a stormy altar of Qazlal.
  1557 | D:3      | Found an iron altar of Okawaru.
  1953 | D:4      | Reached XP level 5. HP: 28/28 MP: 6/6
  2018 | D:4      | Found a glowing drain.
  2030 | Sewer    | Entered a sewer
  2192 | Sewer    | Reached skill level 4 in Long Blades
  2230 | Sewer    | Reached XP level 6. HP: 32/32 MP: 7/7
  2766 | D:4      | Noticed Eustachio
  2801 | D:4      | Killed Eustachio
  2860 | D:4      | Reached XP level 7. HP: 24/37 MP: 8/8
  3428 | D:4      | Found a hazy altar of Hepliaklqana.
  3446 | D:5      | Entered Level 5 of the Dungeon
  3612 | D:5      | Reached skill level 5 in Long Blades
  3782 | D:5      | Gained mutation: You have razor-sharp teeth. [Vine Stalker
                  | growth]
  3782 | D:5      | Reached XP level 8. HP: 38/42 MP: 7/9
  3802 | D:5      | Found Yshroag's Specific Store.
  3803 | D:5      | Found Wutifa's General Store.
  4058 | D:5      | Reached skill level 5 in Fighting
  4091 | D:5      | Reached skill level 5 in Dodging
  4302 | D:6      | Reached skill level 6 in Long Blades
  4651 | D:6      | Reached XP level 9. HP: 43/48 MP: 8/10
  4997 | D:7      | Reached skill level 1 in Armour
  5036 | D:7      | Found a hide-covered altar of Uskayaw.
  5643 | D:7      | Reached skill level 7 in Long Blades
  5643 | D:7      | Reached skill level 1 in Shields
  5655 | D:7      | Found a staircase to the Ecumenical Temple.
  5670 | Temple   | Entered the Ecumenical Temple
  5691 | Temple   | Became a worshipper of the Wu Jian Council
  5753 | D:7      | Found a white marble altar of Elyvilon.
  5975 | D:8      | Found Juc Neca's Weapon Boutique.
  6080 | D:8      | Noticed a hornet
  6087 | D:8      | Paralysed by a hornet for 3 turns
  6090 | D:8      | HP: 1/49 [hornet (4)]
  6091 | D:8      | Succumbed to a hornet's poison

Illustrated notes

Levels and vault maps discovered:
D:1:      dpeg_arrival_pits, layout_rooms
D:2:      kb_forest_paths, layout_basic
D:3:      layout_rooms, okawaru_trees_2, lemuel_crystal_altar,
          hellmonk_ecumenical_altar_slurped_away
D:4:      layout_loops_corners, nicolae_hepliaklqana_monster_ancestors,
          lightli_sewer_entry_pipes, uniq_eustachio
D:5:      layout_rooms, serial_bayou_pond_d, nicolae_specific_store,
          minmay_misc_feat_pillars, minmay_between
D:6:      layout_basic, minmay_holes
D:7:      layout_basic, lemuel_crystal_altar, mainiacjoe_overflow_alcove_4,
          minmay_temple_entry_junction_2
D:8:      layout_gridville, serial_shops, shop, nicolae_shop_firing_range
Temple:   compressed_dpeg_triangle_lava_temple

Skill      XL: |  1  2  3  4  5  6  7  8  9 |
---------------+----------------------------+-----
Fighting       | 2 3 4 6 |  6.9
Long Blades    | 3 4 5 6 7 |  7.2
Dodging        | 3 4 5 6 |  6.2
Armour         | 2 |  2.6
Shields        | 1 |  1.8
Throwing       | |  1.7

Action                     |  1- 3 |  4- 6 |  7- 9 || total
---------------------------+-------+-------+-------++-------
  Melee: Long sword        |   130 |   219 |   330 ||   679
         Bite              |    17 |    50 |   108 ||   175
         Punch             |     3 |       |     4 ||     7
Ability: Lunge             |       |       |     3 ||     3
    Use: Scroll            |       |       |     1 ||     1
         Potion            |       |       |     1 ||     1
 Armour: Chain mail        |    30 |    98 |    89 ||   217
         Leather armour    |     2 |       |       ||     2
  Dodge: Dodged            |   171 |   283 |   273 ||   727
  Block: Buckler           |       |       |    19 ||    19
